 Dungeon Crawl Stone Soup version 0.31.0-2-g5a2aebc5c2 (webtiles) character file.

Game seed: 13271717837167630843

129981 oldriver the Scorcher (level 16, -52/136 HPs)
             Began as a Demonspawn Fire Elementalist on Jan 20, 2024.
             Was an Initiate of Gozag.
             Annihilated by a radroach (60 damage)
             ... on level 3 of the Spider Nest.
             The game lasted 01:07:54 (46720 turns).

oldriver the Scorcher (DsFE)                       Turns: 46720, Time: 01:07:54

Health: -52/136    AC: 12    Str:  5      XL:     16   Next: 51%
Magic:  10/52      EV: 13    Int: 23 (24) God:    Gozag
Gold:   3473       SH:  5    Dex: 13 (14) Spells: 20/43 levels left

rFire   . . .        Y - +2 sling of Kismet {heavy, rC+ rCorr MP+9}
rCold   + . .        E - +0 buckler
rNeg    + . .        N - +0 robe {rN+}
rPois   +            K - +2 hat {Stlth+}
rElec   .            J - +2 cloak
rCorr   +            (gloves unavailable)
SInv    .            A - +2 pair of boots
Will    +++..        q - amulet "Dokhlohi" {Rampage rPois Will++ Regen+ Str-3}
Stlth   ++++         w - ring of magical power
HPRegen 1.22/turn    G - ring of wizardry
MPRegen 0.33/turn

%: rampage, wizardry (x1)
@: gold aura
A: claws 3, thin metallic scales 1, demonic guardian 1, spiny 3
a: Renounce Religion, Potion Petition, Call Merchant, Bribe Branch


You were on level 3 of the Spider Nest.
You worshipped Gozag.
Gozag was most pleased with you.
You visited 5 branches of the dungeon, and saw 26 of its levels.
You also visited: Sewer and Volcano.

You collected 8337 gold pieces.
You spent 2387 gold pieces at shops.
You paid 2477 gold pieces to Gozag.

Inventory:

Hand Weapons
 O - the +6 shillelagh "Devastator" {shatter}
   (You found it on level 8 of the Dungeon)
 Y - the +2 sling of Kismet (weapon) {heavy, rC+ rCorr MP+9}
   (You bought it in a shop on level 2 of the Orcish Mines)

   rC+:       It protects you from cold.
   MP+9:      It affects your magic capacity (+9).
   rCorr:     It protects you from acid and corrosion.
Missiles
 j - 12 javelins
 F - 6 throwing nets
Armour
 g - the scarf of a Labyrinth {rC+ rF+, Fly rCorr Int-5 Dex+4}
   (You found it on level 4 of the Lair of Beasts)

   Int-5:     It affects your intelligence (-5).
   Dex+4:     It affects your dexterity (+4).
   Fly:       It grants you flight.
   rCorr:     It protects you from acid and corrosion.
 A - a +2 pair of boots (worn)
 E - a +0 buckler (worn)
 J - a +2 cloak (worn)
 K - a +2 hat of stealth (worn)
 N - a +0 robe of positive energy (worn)
Magical Staves
 d - a staff of conjuration
Jewellery
 p - a ring of see invisible
 q - the amulet "Dokhlohi" (around neck) {Rampage rPois Will++ Regen+ Str-3}
   (You found it on level 3 of the Dungeon)

   [amulet of regeneration]

   Str-3:     It affects your strength (-3).
   rPois:     It protects you from poison Will++: It greatly increases your
   willpower.
   Regen+:    It increases your rate of health regeneration.
   Rampage:   It bestows one free step when moving towards enemies.
 s - a ring of protection from cold
 w - a ring of magical power (left claw)
 G - a ring of wizardry (right claw)
 U - a +6 ring of strength
Wands
 a - a wand of roots (9)
 x - a wand of acid (12)
 B - a wand of digging (4)
 I - a wand of flame (40)
 M - a wand of paralysis (10)
Scrolls
 i - 5 scrolls of immolation
 m - 4 scrolls of noise
 t - 10 scrolls of fog
 u - 4 scrolls of fear
 y - 7 scrolls of vulnerability
 H - 2 scrolls of revelation
 L - 13 scrolls of teleportation
 P - 3 scrolls of identify
 Q - a scroll of amnesia
 R - 2 scrolls of brand weapon
 T - a scroll of enchant armour
 V - a scroll of poison {unknown}
Potions
 b - 3 potions of magic
 c - 7 potions of curing
 e - 5 potions of degeneration
 f - 6 potions of attraction
 h - 4 potions of lignification
 k - 6 potions of enlightenment
 l - 3 potions of haste
 n - a potion of mutation
 o - 2 potions of berserk rage
 r - 5 potions of cancellation
 v - 4 potions of ambrosia
 z - 4 potions of resistance
 C - 3 potions of might
 D - 5 potions of brilliance
Miscellaneous
 S - a lightning rod (4/4)


   Skills:
 - Level 15.0 Fighting
 - Level 2.0 Armour
 - Level 6.0 Dodging
 - Level 5.0 Stealth
 - Level 4.0 Shields
 - Level 14.0 Spellcasting
 - Level 8.0 Conjurations
 + Level 17.1 Fire Magic


You had 20 spell levels left.
You knew the following spells:

 Your Spells              Type           Power      Damage    Failure   Level
a - Foxfire               Conj/Fire      100%       2x1d9     1%          1
b - Scorch                Fire           100%       2d9       0%          2
c - Flame Wave            Conj/Fire      65%        2d15      1%          4
d - Ignition              Fire           38%        3d11      16%         8
p - Fireball              Conj/Fire      32%        3d14      1%          5
s - Stone Arrow           Conj/Erth      68%        3d11      1%          3

Your spell library contained the following spells:

 Spells                   Type           Power      Damage    Failure   Level
 Shock                    Conj/Air       100%       1d9       1%          1
 Sting                    Conj/Alch      100%       1d9       1%          1
 Dazzling Flash           Conj/Hex       68%        N/A       1%          3
 Inner Flame              Hex/Fire       53%        N/A       1%          3
 Volatile Blastmotes      Fire/Tloc      100%       2d18      1%          3
 Ignite Poison            Fire/Alch      53%        N/A       1%          4
 Sticky Flame             Fire/Alch      53%        2d9       1%          4
 Apportation              Tloc           32%        N/A       2%          1
 Necrotise                Necr           64%        1d7       2%          1
 Sandblast                Erth           32%        2d9       2%          1
 Slow                     Hex            64%        N/A       2%          1
 Summon Small Mammal      Summ           64%        N/A       2%          1
 Starburst                Conj/Fire      32%        6d10      2%          6
 Brom's Barrelling Bould  Conj/Erth      34%        2d5       4%          4
 Confusing Touch          Hex            16%        N/A       8%          3
 Frozen Ramparts          Ice            32%        1d5       8%          3
 Fugue of the Fallen      Necr           16%        N/A       8%          3
 Ozocubu's Armour         Ice            16%        N/A       8%          3
 Passwall                 Erth           16%        N/A       8%          3
 Sigil of Binding         Hex            16%        N/A       8%          3
 Swiftness                Air            16%        N/A       8%          3
 Tukima's Dance           Hex            16%        N/A       8%          3
 Vampiric Draining        Necr           16%        2d7       8%          3
 Airstrike                Air            8%         2d(2-18)  26%         4
 Animate Armour           Summ/Erth      32%        N/A       26%         4
 Cause Fear               Hex            8%         N/A       26%         4
 Leda's Liquefaction      Alch/Erth      8%         N/A       26%         4
 Manifold Assault         Tloc           16%        N/A       26%         4
 Passage of Golubria      Tloc           16%        N/A       26%         4
 Petrify                  Alch/Erth      16%        N/A       26%         4
 Summon Lightning Spire   Summ/Air       16%        N/A       26%         4
 Lee's Rapid Deconstruct  Erth           8%         3d7*      54%         5
 Metabolic Englaciation   Hex/Ice        8%         N/A       54%         5
 Yara's Violent Unravell  Hex/Alch       8%         3d5       54%         5
 Sculpt Simulacrum        Ice/Alch       8%         N/A       98%         6
 Maxwell's Capacitive Co  Air            8%         ∞         100%        8
 Dragon's Call            Summ           8%         N/A       100%        9


Dungeon Overview and Level Annotations

Branches:
Dungeon (15/15)            Temple (1/1) D:7            Lair (5/5) D:11
 Shoals (0/4) Lair:3       Spider (3/4) Lair:3        Slime (0/5) Lair:4
    Orc (2/2) D:9             Elf (0/3) Orc:2        Vaults (0/5) D:14
 Depths (0/4) D:15          Sewer (visited)         Volcano (visited)

Altars:
Ashenzari
Cheibriados
Dithmenos
Fedhas
Gozag
Hepliaklqana
Kikubaaqudgha
Makhleb
Nemelex Xobeh
Okawaru
Qazlal
Ru
Sif Muna
Trog
Uskayaw
Vehumet
Wu Jian
Xom
Yredelemnul
Jiyva

Shops:
D:5 (:   D:15 :?   Orc:1 ?:*[*   Orc:2 *(:(!?   Lair:1 (

Portals:
Pandemonium: Orc:2

Annotations:
D:11 1 transporter, BeingJoeMalik's ghost, journeyman VSFi
D:14 Roxanne
Spider:3 2 runed translucent doors


Innate Abilities, Weirdness & Mutations

You have claws for hands.
You are partially covered in thin metallic scales. (AC +2)
A weak demonic guardian rushes to your aid.
You are completely covered in sharp spines.


Message History

You feel very sick.
You feel you are being watched by something.
You feel your power leaking away. Something hits you!
Something hits you but does no damage.
Something stings you but does no damage.
Your quasit bites something but does no damage.
Your quasit claws something but does no damage. x2
The radroach is distracted by your dazzling golden aura.
Something closely misses your quasit. Something hits your quasit!
Something barely misses your quasit.
A wave of flame ripples out!
The flame wave engulfs something!
The flame wave engulfs the radroach but does no damage.
The radroach is lightly wounded.
The radroach is no longer distracted by gold.
Your demonic guardian avoids your attack.
You feel sick.
Your quasit bites something.
Your quasit barely misses something.
Your quasit misses something. The radroach is struck by your spines.
The radroach bites you but does no damage.
The radroach claws you!
* * * LOW HITPOINT WARNING * * *
Something hits you!
* * * LOW HITPOINT WARNING * * *
Something hits you but does no damage. Something stings you.
* * * LOW HITPOINT WARNING * * *
Your quasit barely misses something.
Your quasit claws something but does no damage.
Your quasit barely misses something.
You feel better.
Your quasit bites something but does no damage.
Your quasit misses something. x2; Something hits you!
* * * LOW HITPOINT WARNING * * *
Something hits you!
* * * LOW HITPOINT WARNING * * *
Something stings you!
* * * LOW HITPOINT WARNING * * *
The radroach erupts in a fountain of uncontrolled magic!
You are blasted with magical radiation!!!
You die...
Your body crumbles into a pile of gold.

.....#^... #...s...^^
####........#
.........#
#....^#...^.
..s..$$....
.#..........
.....s..<..
...#...^...
..[#......#
#......#.$#
.....$#...$
......5...##
...$....#.#
#.....{$B.## .....^..
##
###..#^@#..##........
# #....$............#
#. #....#..........#.
#.#
#....#....#.........
. ###........^.##....
.. ##.........# ..
... ###...#.....
.$... #..^......
.##.. #..........


You could see a radroach (ally target) and a friendly quasit (summoned).

Vanquished Creatures
  Jorgrun (D:13)
  Gastronok (Lair:1)
  An emperor scorpion (Spider:1)
  An ironbound preserver (D:14)
  A spark wasp (Spider:2)
  2 fire dragons
  Josephine (Lair:3)
  2 entropy weavers
  An ice dragon (Lair:5)
  Harold (Lair:1)
  Erolcha (D:12)
  A centaur warrior (D:13)
  2 demonspawn (Orc:2)
  3 hydras
  A radroach (Spider:2)
  A rakshasa (D:15)
  5 boulder beetles
  3 death yaks (Lair:4)
  A tengu warrior (D:14)
  7 two-headed ogres
  4 demonic crawlers
  2 occultists (D:15)
  Urug (Lair:2)
  5 orc high priests (Orc:2)
  Amaemon (Lair:1)
  A sun demon (Orc:2)
  A sixfirhy (Orc:2)
  A skyshark (Lair:2)
  3 pharaoh ants
  A glowing orange brain (D:14)
  A sun moth (Spider:1)
  4 orb spiders
  A swamp dragon (Lair:5)
  4 harpies (Lair:3)
  A steelbarb worm (Spider:1)
  4 lindwurms
  A deep elf zephyrmancer (D:15)
  3 orc knights (Orc:2)
  A necromancer (D:15)
  3 oklob plants
  2 deep elf pyromancers (D:12)
  Maurice (D:10)
  10 orc sorcerers
  5 manticores
  9 ugly things
  7 wolf spiders
  A centaur zombie (D:15)
  7 cyclopes
  10 meliai
  6 elephants (Lair:4)
  3 kobold blastminers
  A moth of wrath (Spider:3)
  2 black mambas
  8 torpor snails
  16 cane toads
  A gargoyle (D:8)
  5 rime drakes (Lair:5)
  An orange demon (Lair:1)
  5 kobold demonologists
  A centaur skeleton (D:15)
  7 komodo dragons
  4 tengu conjurers
  An efreet (D:14)
  A freezing wraith (D:15)
  A red devil (Orc:2)
  Psyche (D:9)
  4 trolls
  10 hornets
  3 polar bears
  15 tarantellas
  4 tyrant leeches (Lair:5)
  A wolf spider simulacrum (D:15)
  11 blink frogs
  11 dream sheep
  A dream sheep (shapeshifter) (D:15)
  7 slime creatures
  7 jumping spiders
  9 culicivoras
  A ynoxinul (Orc:2)
  4 vampires
  43 yaks
  8 wraiths
  8 basilisks
  5 wyverns
  A water elemental (D:12)
  A warg (Orc:2)
  7 steam dragons
  29 redbacks
  10 vampire mosquitoes
  An acid dragon (Lair:5)
  4 hell hounds (Volcano)
  Duvessa (D:4)
  17 water moccasins
  An ice beast (D:7)
  36 orc warriors
  3 black bears (D:11)
  2 laughing skulls (D:13)
  A swamp drake (Lair:5)
  A sky beast (D:7)
  2 crocodiles (Sewer)
  8 ogres
  5 boggarts (D:13)
  16 wolves
  5 centaurs
  4 phantoms
  6 kobold brigands
  14 bullfrogs
  3 gnoll sergeants
  2 scorpions
  3 wights (D:10)
  Dowan (D:4)
  A killer bee (Lair:3)
  6 electric eels
  A bombardier beetle (D:5)
  5 howler monkeys
  4 jellies
  26 orc priests
  5 hounds
  Jessica (D:2)
  A sleepcap (D:5)
  9 iguanas
  12 orc wizards
  A sickly merfolk siren (Sewer)
  A malarious merfolk avatar (Sewer)
  7 adders
  8 gnolls
  3 white imps
  2 ufetubi (D:6)
  3 dart slugs
  3 ribbon worms
  91 orcs
  8 endoplasms
  8 giant cockroaches
  7 goblins
  7 hobgoblins
  11 jackals
  15 ball pythons
  4 bats
  13 frilled lizards
  22 kobolds
  27 rats
  A spectral orc (D:3)
845 creatures vanquished.

Vanquished Creatures (collateral kills)
  A boulder beetle (Spider:2)
  A centaur warrior (D:13)
  A demonic crawler (Spider:2)
  A komodo dragon (Lair:5)
  A centaur (D:13)
  19 foxfires
24 creatures vanquished.

Vanquished Creatures (others)
  A bat (D:1)
  2029 foxfires
2030 creatures vanquished.

Grand Total: 2899 creatures vanquished

Notes
Turn   | Place    | Note
-------+----------+-------------------------------------------
     0 | D:1      | oldriver the Demonspawn Fire Elementalist began the quest
                  | for the Orb.
     0 | D:1      | Reached XP level 1. HP: 13/13 MP: 3/3
   256 | D:1      | Gained mutation: You are partially covered in thin metallic
                  | scales. (AC +2) [demonic ancestry]
   256 | D:1      | Reached XP level 2. HP: 20/20 MP: 1/5
  1149 | D:1      | Found a faded altar of an unknown god.
  1234 | D:1      | Reached skill level 1 in Fighting
  1234 | D:1      | Reached skill level 3 in Fire Magic
  1471 | D:2      | Identified the +1 chain mail "Puosonec" {rElec Str-2 Int+5
                  | Slay+3}
  1524 | D:2      | Reached XP level 3. HP: 26/26 MP: 1/6
  1671 | D:2      | Noticed Jessica
  1679 | D:2      | Killed Jessica
  1680 | D:2      | Gained mutation: You have sharp fingernails. [demonic
                  | ancestry]
  1680 | D:2      | Reached XP level 4. HP: 32/32 MP: 0/7
  2901 | D:3      | Gained mutation: You are partially covered in sharp spines.
                  | [demonic ancestry]
  2901 | D:3      | Reached XP level 5. HP: 38/38 MP: 0/9
  3083 | D:3      | Found a hazy altar of Hepliaklqana.
  3630 | D:3      | Identified the amulet "Dokhlohi" {Rampage rPois Will++
                  | Regen+ Str-3}
  4127 | D:4      | Learned a level 2 spell: Scorch
  4189 | D:4      | Reached XP level 6. HP: 45/46 MP: 3/10
  4194 | D:4      | Reached skill level 4 in Fire Magic
  4391 | D:4      | Found a glowing drain.
  4399 | Sewer    | Entered a sewer
  4670 | Sewer    | Gained mutation: You have very sharp fingernails. [demonic
                  | ancestry]
  4670 | Sewer    | Reached XP level 7. HP: 52/52 MP: 9/12
  5574 | D:4      | Found an ornate altar of the Wu Jian Council.
  5577 | D:4      | Found an ancient bone altar of Kikubaaqudgha.
  5580 | D:4      | Found a radiant altar of Vehumet.
  5583 | D:4      | Found a snail-covered altar of Cheibriados.
  6078 | D:4      | Noticed Duvessa
  6078 | D:4      | Noticed Dowan
  6090 | D:4      | Killed Duvessa
  6096 | D:4      | Killed Dowan
  6516 | D:5      | Entered Level 5 of the Dungeon
  6516 | D:5      | Found Nudutuof's Weapon Boutique.
  6650 | D:4      | Learned a level 4 spell: Flame Wave
  6678 | D:5      | Found a shimmering blue altar of Sif Muna.
  6687 | D:5      | Reached skill level 5 in Fire Magic
  6942 | D:5      | Found Dogaoq's Book Boutique.
  6943 | D:5      | Gained mutation: You are mostly covered in sharp spines.
                  | [demonic ancestry]
  6943 | D:5      | Reached XP level 8. HP: 33/61 MP: 1/15
  7235 | D:5      | Reached skill level 5 in Spellcasting
  7235 | D:5      | Reached skill level 5 in Conjurations
  7239 | D:5      | Reached skill level 5 in Fighting
  8132 | D:5      | Found a hide-covered altar of Uskayaw.
  8314 | D:6      | Reached skill level 6 in Fire Magic
  8546 | D:6      | Gained mutation: You are completely covered in sharp
                  | spines. [demonic ancestry]
  8546 | D:6      | Reached XP level 9. HP: 69/69 MP: 17/17
  9622 | D:7      | Found a staircase to the Ecumenical Temple.
  9656 | D:7      | Reached skill level 7 in Fire Magic
  9979 | D:7      | Found a blossoming altar of Fedhas.
 10020 | Temple   | Entered the Ecumenical Temple
 10030 | Temple   | Became a worshipper of Gozag Ym Sagoz the Greedy
 10363 | D:8      | Noticed a two-headed ogre
 10369 | D:8      | Killed a two-headed ogre
 10369 | D:8      | Noticed a gargoyle
 10370 | D:8      | Gained mutation: You have claws for hands. [demonic
                  | ancestry]
 10370 | D:8      | Reached XP level 10. HP: 79/79 MP: 20/20
 10370 | D:8      | Noticed a two-headed ogre
 10377 | D:8      | Killed a gargoyle
 10379 | D:8      | Noticed a two-headed ogre
 10398 | D:8      | Found a sparkling altar of Nemelex Xobeh.
 10581 | D:8      | Found the +6 shillelagh "Devastator" {shatter}
 10721 | D:8      | Killed a two-headed ogre
 10827 | D:8      | Reached skill level 8 in Fire Magic
 10896 | D:8      | Killed a two-headed ogre
 10960 | D:8      | Found a broken altar of Ashenzari.
 11277 | D:5      | Bought a book of the Dragon for 546 gold pieces
 11283 | D:5      | Learned a level 5 spell: Fireball
 11656 | D:9      | Noticed Psyche
 11665 | D:9      | Killed Psyche
 12286 | D:9      | Found a staircase to the Orcish Mines.
 12314 | D:9      | Found a basalt altar of Yredelemnul.
 12314 | D:9      | Noticed a two-headed ogre
 12332 | D:9      | Killed a two-headed ogre
 12516 | D:9      | Reached XP level 11. HP: 79/87 MP: 23/23
 12722 | D:9      | Reached skill level 9 in Fire Magic
 13092 | D:9      | Found a bloodstained altar of Trog.
 13553 | D:10     | Entered Level 10 of the Dungeon
 13699 | D:10     | Identified the +0 robe "Wytonl Qaonu" {-Cast rElec Str+5
                  | Stlth+}
 13700 | D:10     | Noticed a two-headed ogre
 13707 | D:10     | Killed a two-headed ogre
 13768 | D:10     | Noticed Maurice
 13805 | D:10     | Killed Maurice
 13806 | D:10     | Reached skill level 1 in Armour
 14929 | D:11     | Noticed a green ugly thing
 14943 | D:11     | Killed a green ugly thing
 15033 | D:11     | Found a staircase to the Lair.
 15042 | D:11     | Noticed BeingJoeMalik's ghost (journeyman VSFi)
 15042 | D:11     | Noticed a two-headed ogre
 15043 | D:11     | Found a transporter.
 15043 | D:11     | Noticed a two-headed ogre
 15043 | D:11     | Identified the +5 great mace of the Incandescent {freeze,
                  | rC+ rCorr Dex-5}
 15043 | D:11     | Noticed a two-headed ogre
 15064 | D:11     | Noticed a two-headed ogre
 15071 | D:11     | Killed a two-headed ogre
 15088 | D:11     | Reached skill level 10 in Fighting
 15497 | D:11     | You fall into a shaft and drop 3 floors!
 15588 | D:13     | Noticed a boulder beetle
 15617 | D:12     | Noticed a purple ugly thing
 15618 | D:12     | Noticed a two-headed ogre
 15622 | D:12     | Noticed a boulder beetle
 15650 | D:12     | Killed a boulder beetle
 15651 | D:12     | Reached XP level 12. HP: 48/97 MP: 3/25
 15658 | D:12     | Killed a two-headed ogre
 15688 | D:12     | Reached skill level 10 in Fire Magic
 16113 | D:12     | Reached skill level 10 in Spellcasting
 16353 | D:12     | Noticed Erolcha
 16402 | D:11     | Found an iron altar of Okawaru.
 16958 | Lair:1   | Entered Level 1 of the Lair of Beasts
 17090 | Lair:1   | Noticed Gastronok
 17198 | Lair:1   | Killed Gastronok
 17199 | Lair:1   | Reached skill level 1 in Shields
 17361 | Lair:1   | Noticed Harold
 17371 | Lair:1   | Killed Harold
 17384 | Lair:1   | Noticed Amaemon
 17400 | Lair:1   | Killed Amaemon
 19029 | Lair:2   | Noticed a seven-headed hydra
 19124 | Lair:2   | Killed a seven-headed hydra
 19164 | Lair:2   | Reached XP level 13. HP: 37/106 MP: 4/27
 19343 | Lair:2   | Reached skill level 11 in Fire Magic
 19497 | Lair:2   | Noticed Urug
 19912 | Lair:3   | Noticed Josephine
 20031 | Lair:3   | Found a hole to the Spider Nest.
 20174 | Lair:2   | Identified the +4 quarterstaff "Rileokkinn" {flame, rN+++
                  | Str-3 Dex-5 SInv}
 21201 | Lair:2   | Killed Urug
 22199 | Lair:3   | Killed Josephine
 22341 | Lair:3   | Found a staircase to the Shoals.
 23028 | Lair:4   | Reached skill level 12 in Fire Magic
 24082 | Lair:4   | Found a viscous altar of Jiyva.
 24082 | Lair:4   | Found a staircase to the Slime Pits.
 24212 | Lair:4   | Identified the scarf of a Labyrinth {rC+ rF+, Fly rCorr
                  | Int-5 Dex+4}
 24579 | Lair:5   | Entered Level 5 of the Lair of Beasts
 24617 | Lair:5   | Gained mutation: A weak demonic guardian rushes to your
                  | aid. [demonic ancestry]
 24617 | Lair:5   | Reached XP level 14. HP: 86/118 MP: 23/30
 27856 | D:5      | Bought an Everburning Encyclopedia for 494 gold pieces
 27867 | D:5      | Learned a level 8 spell: Ignition
 29696 | Lair:5   | Reached skill level 13 in Fire Magic
 30047 | D:12     | Killed Erolcha
 30159 | D:12     | Reached skill level 5 in Dodging
 31107 | D:13     | Reached skill level 5 in Stealth
 31467 | D:13     | Identified the +0 scale mail of the Heavens {rC+}
 31549 | D:13     | Noticed Jorgrun
 31557 | D:13     | Killed Jorgrun
 32083 | D:13     | Reached XP level 15. HP: 90/126 MP: 6/32
 32599 | D:14     | Found a gate to the Vaults.
 32915 | D:14     | Learned a level 3 spell: Stone Arrow
 33239 | D:14     | Noticed Roxanne
 34022 | D:15     | Entered Level 15 of the Dungeon
 34453 | D:15     | Found Xadgh's Book Emporium.
 35121 | D:15     | Found a staircase to the Depths.
 35573 | D:15     | Found Zuism's Magic Scroll Boutique.
 35581 | D:15     | Bought a scroll of teleportation for 51 gold pieces
 35581 | D:15     | Bought a scroll of fear for 68 gold pieces
 35581 | D:15     | Bought a scroll of teleportation for 51 gold pieces
 35982 | Orc:1    | Entered Level 1 of the Orcish Mines
 36198 | Orc:1    | Found Plog's Armour Shop.
 36213 | Orc:1    | Found Hecaxt's Assorted Antiques.
 36219 | Orc:1    | Found Jazubock's Book Shop.
 36253 | Orc:1    | Found Cikos's Assorted Antiques.
 36266 | Orc:1    | Bought a scorched leather armour for 203 gold pieces
 36266 | Orc:1    | Identified the +0 leather armour "Colaj" {rCorr Str-3
                  | Dex+2} (You bought it in a shop on level 1 of the Orcish
                  | Mines)
 36349 | Orc:1    | Found Hosueguf's Magic Scroll Boutique.
 36355 | Orc:1    | Bought a scroll of teleportation for 42 gold pieces
 36355 | Orc:1    | Bought a scroll of fear for 56 gold pieces
 36355 | Orc:1    | Bought a scroll of teleportation for 42 gold pieces
 36892 | Orc:2    | Entered Level 2 of the Orcish Mines
 37355 | Orc:2    | Found a dark tunnel.
 37386 | Volcano  | Entered a volcano
 37927 | Volcano  | Reached skill level 14 in Fire Magic
 38818 | Orc:2    | Reached skill level 15 in Fighting
 39285 | Orc:2    | Found Ahefaesa's Distillery.
 39286 | Orc:2    | Found Xuype's Magic Scroll Shoppe.
 39459 | Orc:2    | Bought a potion of curing for 36 gold pieces
 39459 | Orc:2    | Bought a potion of resistance for 120 gold pieces
 39459 | Orc:2    | Bought a potion of curing for 36 gold pieces
 39461 | Orc:2    | Bought a scroll of fog for 48 gold pieces
 39461 | Orc:2    | Bought a scroll of fear for 48 gold pieces
 39461 | Orc:2    | Bought a scroll of teleportation for 36 gold pieces
 40542 | Orc:2    | Reached skill level 15 in Fire Magic
 40642 | Orc:2    | Found Xuekor's Antique Weapon Boutique.
 40642 | Orc:2    | Found Arhutan's Book Shop.
 40643 | Orc:2    | Found a one-way gate leading to the halls of Pandemonium.
 40699 | Orc:2    | Bought a translucent spear for 224 gold pieces
 40699 | Orc:2    | Identified the +4 spear of Ignis, Glimmering {venom,
                  | ^Fragile MP+9 Str+4 SInv} (You bought it in a shop on level
                  | 2 of the Orcish Mines)
 40863 | Orc:2    | Found a staircase to the Elven Halls.
 40990 | Orc:2    | Bought a dazzling sling for 286 gold pieces
 40990 | Orc:2    | Identified the +2 sling of Kismet {heavy, rC+ rCorr MP+9}
                  | (You bought it in a shop on level 2 of the Orcish Mines)
 41432 | Spider:1 | Entered Level 1 of the Spider Nest
 41871 | Spider:1 | Reached XP level 16. HP: 102/136 MP: 31/34
 44122 | Spider:2 | Reached skill level 16 in Fire Magic
 46173 | Spider:3 | Found a large runed translucent door.
 46173 | Spider:3 | Found a large runed translucent door.
 46356 | Spider:2 | Reached skill level 17 in Fire Magic
 46720 | Spider:3 | Annihilated by a radroach

Illustrated notes

Levels and vault maps discovered:
D:1:      dpeg_arrival_simpleton_a, layout_loops_ring,
          shapermc_ecumenical_altar_hornbeckon, lemuel_flame_loot_1
D:2:      layout_loops_ring, uniq_jessica
D:3:      layout_basic, nicolae_hepliaklqana_monster_ancestors
D:4:      layout_layer_cave, grunt_temple_overflow_cloverleaf,
          portal_sewer_entry_b, bh_walls_and_bars, uniq_duvessa
D:5:      minmay_recursive_quarters, layout_layer_cave,
          nicolae_overflow_crystal_walls, mainiacjoe_overflow_alcove_1,
          serial_shops, kennysheep_mini_moat, nicolae_shop_statue_plus,
          uniq_blork_the_orc, uniq_grinder
D:6:      layout_basic, mainiacjoe_overflow_alcove_2, serial_bayou,
          serial_bayou_pond_b, serial_bayou_shore_a, serial_bayou_crossing,
          serial_bayou_ford_a, kennysheep_generic_room_3
D:7:      layout_rooms, mainiacjoe_overflow_24_doors,
          minmay_temple_entry_slanted
D:8:      layout_basic, nemelex_spade_bored_becter, amcnicky_altar_gilded,
          lemuel_tele_altar, ebering_dispersal_statue_hall,
          dilly_guarded_unrand_devastator
D:9:      layout_basic, mainiacjoe_overflow_surrounded_room,
          general_overflow_altar, hiddenorc2_lemuel, serial_rivers,
          chequers_serial_rivers_small_b, chequers_serial_rivers_micro_e,
          chequers_serial_rivers_room_b, chequers_serial_rivers_micro_b,
          chequers_serial_rivers_small_b, chequers_serial_rivers_micro_b,
          serial_library_hellmonk_filled_rooms, uniq_psyche
D:10:     layout_cave_pools, serial_column_ruins, column_ruins_circle_medium,
          column_ruins_grid_3, column_ruins_grid_4,
          column_ruins_corridor_straight, column_ruins_open_tiny,
          column_ruins_open_tiny, column_ruins_open_tiny_water,
          nicolae_the_louvre, uniq_maurice
D:11:     layout_irregular_city, due_lair_maze_entry_diamond,
          gammafunk_ghost_smash, okawaru_ov_weapons_minmay
D:12:     layout_basic, uniq_erolcha
D:13:     layout_basic, uniq_jorgrun
D:14:     layout_basic, hellmonk_vaults_order_and_chaos,
          serial_co_window_serial, co_window_cross_1, co_window_paths_a,
          co_window_corner_a, co_window_paths_b, co_window_corner_a,
          co_window_unsneaky_path_e, co_window_corner_ca,
          co_window_of_opportunity_c, co_window_of_opportunity_c,
          co_window_of_opportunity_b, co_window_paths_c, co_window_paths_e,
          glass_columns_b, corexii_corridor_pit, uniq_roxanne
D:15:     grunt_enter_depths_magical_seal, layout_long_grid,
          nicolae_figureground_sparkle, serial_shops, shop, shop,
          hangedman_decor_slide_cut
Temple:   nicolae_temple_godpark
Lair:1:   layout_gridlike, minmay_lair_oklob_bushes,
          chequers_serial_rivers_large_b, uniq_gastronok, uniq_amaemon,
          uniq_harold
Lair:2:   layout_regular_city, beast_lair_carwin_2, serial_bayou_shore_b,
          uniq_urug
Lair:3:   layout_cave_pods, nicolae_shoals_entry_roost,
          hellmonk_spider_entry_not_the_bees, nzn_sisyphean_effort,
          uniq_josephine
Lair:4:   layout_regular_city, dpeg_slime_entry_corner, lemuel_old_faithful
Lair:5:   guppyfry_lair_end_dragon, layout_concentric_octagons, wormcave,
          lemuel_fruit_fields, infiniplex_staircase_pool_2
Spider:1: layout_spider_delve, hangedman_spider_tarantella_strand
Spider:2: layout_chambers
Spider:3: layout_spider_delve, spiders_nest_the_unseen
Orc:1:    layout_caves, serial_shops, shop, shop,
          nicolae_shop_competitors_out_of_business, shop,
          nicolae_shop_rolling_square
Orc:2:    pf_orc_diabolical, layout_diamond_mine, nicolae_volcano_entry_hallway,
          bh_open_orc_temple

Skill      XL: |  1  2  3  4  5  6  7  8  9 10 11 12 13 14 15 16 |
---------------+-------------------------------------------------+-----
Fighting       | 1 2 3 4 5 7 8 10 11 13 14 15 | 15.0
Fire Magic     | 3 4 5 6 7 8 9 10 12 13 15 17 | 17.1
Conjurations   | 2 3 4 5 7 8 |  8.0
Spellcasting   | 3 4 5 7 8 9 10 12 13 14 | 14.0
Dodging        | 3 4 5 6 |  6.0
Stealth        | 3 5 |  5.0
Armour         | 2 |  2.0
Shields        | 3 4 |  4.0

Action                     |  1- 3 |  4- 6 |  7- 9 | 10-12 | 13-15 | 16-18 || total
---------------------------+-------+-------+-------+-------+-------+-------++-------
  Melee: Whip              |     3 |       |       |       |       |       ||     3
         Unarmed           |     2 |       |       |       |       |       ||     2
         Short sword       |     7 |    55 |    14 |    28 |     5 |       ||   109
         Shillelagh        |       |       |       |       |    16 |       ||    16
         Staff             |       |       |       |       |    27 |       ||    27
   Fire: Sling             |       |       |       |       |     4 |     8 ||    12
   Cast: Foxfire           |    79 |   159 |   357 |   446 |   167 |       ||  1208
         Scorch            |       |     3 |    24 |   109 |    53 |       ||   189
         Flame Wave        |       |       |       |    14 |    48 |    10 ||    72
         Fireball          |       |       |       |    66 |   524 |   143 ||   733
         Stone Arrow       |       |       |       |       |    54 |    24 ||    78
 Invoke: Call Merchant     |       |       |       |     1 |     2 |       ||     3
         Potion Petition   |       |       |       |       |     1 |       ||     1
  Evoke: Wand              |       |       |       |     2 |     6 |       ||     8
         Lightning rod     |       |       |       |       |     6 |     1 ||     7
    Use: Scroll            |       |     5 |    14 |    10 |     7 |       ||    36
         Potion            |       |       |       |     1 |     1 |     1 ||     3
 Armour: Robe              |    13 |    45 |    42 |   127 |   295 |   115 ||   637
  Dodge: Dodged            |    15 |    44 |    14 |    51 |   199 |    53 ||   376
  Block: Buckler           |       |       |       |     9 |    74 |    21 ||   104
